Construct Weapon Support Center
Selects Airborne Battlegroup
Selects Heavy Machine Gun Paradrop
Selects Smoke Bombing Run
Heavy Machine Gun Paradrop
Construct Weapon Support Center
Heavy Machine Gun Paradrop
Improved M9 Bazooka Rockets
Selects Paratrooper Squad Paradrop
M3 Armored Personnel Carrier
M3 Armored Personnel Carrier
Paratrooper Squad Paradrop
M3 Armored Personnel Carrier
Paratrooper Squad Paradrop
M4(105) Sherman Bulldozer
Selects Carpet Bombing Run